 Dungeon Crawl Stone Soup version 0.28.0-45-g0d030f2227 (webtiles) character file.

Game seed: 563005026449663138

300 KittyFluff the Cudgeller (level 6, -1/57 HPs)
             Began as a Gargoyle Berserker on Apr 6, 2022.
             Was a Believer of Trog.
             Killed by divine providence
             ... invoked by an orc priest
              (12 damage)
             ... on level 4 of the Dungeon.
             The game lasted 00:12:32 (3436 turns).

KittyFluff the Cudgeller (Gargoyle Berserker)       Turns: 3436, Time: 00:12:32

Health: -1/57      AC:  7    Str: 21    XL:     6   Next: 36%
Magic:  6/6        EV: 17    Int:  7    God:    Trog [**....]
Gold:   89         SH:  0    Dex: 17    Spells: 5/5 levels left

rFire   . . .      SeeInvis .   a - +0 mace
rCold   . . .      Faith    .   (no shield)
rNeg    + . .      Spirit   .   b - +0 animal skin
rPois   ∞          Reflect  .   q - +0 helmet
rElec   +          Harm     .   (no cloak)
rCorr   .          Rampage  .   (no gloves)
Will    .....                   (no boots)
Stlth   ..........              (no amulet)
HPRegen 0.19/turn               e - +6 ring of dexterity
MPRegen 0.10/turn               g - +4 ring of evasion

@: berserking (expiring), very quick
A: sickness immunity, AC +4, negative energy resistance 1, electricity
resistance, torment resistance 1, petrification resistance
a: Renounce Religion, Berserk, Trog's Hand


You were on level 4 of the Dungeon.
You worshipped Trog.
Trog was pleased with you.
You visited 1 branch of the dungeon, and saw 4 of its levels.

You collected 89 gold pieces.

Inventory:

Hand Weapons
 a - a +0 mace (weapon)
 m - a +3 dagger
 o - a +0 hunting sling
Missiles
 c - 8 poisoned darts (quivered)
 d - 97 stones
 i - 21 arrows
 u - a throwing net
Armour
 b - a +0 animal skin (worn)
 j - a +0 leather armour
 k - a +0 ring mail
 q - a +0 helmet (worn)
Jewellery
 e - a +6 ring of dexterity (left hand)
 g - a +4 ring of evasion (right hand)
 r - a +6 ring of intelligence
 s - a ring of fire
Scrolls
 f - 3 scrolls of teleportation
 n - a scroll of immolation
Potions
 h - 4 potions of curing
 l - a potion of haste
 p - a potion of lignification
 t - a potion of berserk rage


   Skills:
 + Level 4.1 Fighting
 + Level 4.8 Maces & Flails
 * Level 1.8 Throwing
 * Level 3.2 Armour
 + Level 2.5 Dodging
 + Level 1.2 Stealth


You had 5 spell levels left.
You didn't know any spells.
Your spell library was empty.

Dungeon Overview and Level Annotations

Branches:
Dungeon (4/15)
 Temple: D:4-7

Altars:
Vehumet

Shops:
D:2 =


Innate Abilities, Weirdness & Mutations

You are immune to sickness and miasma.
Your stone body is resilient. (AC +4)
You are immune to poison.
You resist negative energy. (rN+)
You are resistant to electric shocks. (rElec)
You are resistant to unholy torment.
You are immune to petrification.


Message History

The hound is moderately wounded.
The hound closely misses you.
A red film seems to cover your vision as you go berserk!
You feel yourself moving faster!
You feel mighty! The hound misses you. The hound completely misses you.
You barely miss the hound.
The hound is moderately wounded.
The hound bites you but does no damage.
You sock the hound!
The hound is severely wounded.
The hound closely misses you.
You hit the hound.
The hound is almost dead.
The hound closely misses you.
The orc priest invokes the aid of Beogh against you.
Beogh smites you!
* * * LOW HITPOINT WARNING * * *
You sock the hound!
You kill the hound!
Trog accepts your kill.
The orc priest casts a cantrip, but nothing happens.
You bludgeon the giant cockroach!!
You kill the giant cockroach!
Trog accepts your kill.
You sock the orc!
The orc is almost dead.
The orc closely misses you.
You closely miss the orc.
The orc is almost dead.
The orc hits you with a +0 whip.
* * * LOW HITPOINT WARNING * * *
You barely miss the orc.
The orc is almost dead.
You sock the orc!
You kill the orc!
Trog accepts your kill.
You barely miss the orc priest.
The orc priest mumbles some strange prayers to Beogh against you.
Beogh smites you!
You die...

#.#......# #.########
##....#### #.†......#
#........# #>.......+
####........# #######
............###.......
............)@o.......
.............###.....$.
.......####### .......
.......# ....... ......
....... ..)o.. .......
o.... ....... .....##


You could see an orc priest.

Vanquished Creatures
  A hound (D:4)
  An orc priest (D:4)
  An iguana (D:2)
  2 orc wizards (D:4)
  Robin (D:3)
  3 gnolls (D:3)
  5 adders
  3 worms
  7 orcs
  3 bats
  4 endoplasms
  7 giant cockroaches
  10 goblins
  7 hobgoblins
  2 quokkas (D:1)
  6 ball pythons
  A frilled lizard (D:3)
  2 kobolds (D:2)
  7 rats
73 creatures vanquished.

Notes
Turn   | Place    | Note
-------+----------+-------------------------------------------
     0 | D:1      | KittyFluff the Gargoyle Berserker began the quest for the
                  | Orb.
     0 | D:1      | Reached XP level 1. HP: 14/14 MP: 1/1
   667 | D:1      | Reached XP level 2. HP: 9/19 MP: 2/2
  1048 | D:1      | Found a faded altar of an unknown god.
  1413 | D:2      | Reached skill level 1 in Throwing
  1413 | D:2      | Reached XP level 3. HP: 23/23 MP: 3/3
  1701 | D:2      | Reached XP level 4. HP: 29/29 MP: 4/4
  1768 | D:2      | Reached ** piety under Trog
  1845 | D:2      | Found Jiliopt's Jewellery Shop.
  2055 | D:2      | Found a radiant altar of Vehumet.
  2473 | D:3      | Noticed Robin
  2491 | D:3      | Killed Robin
  2492 | D:3      | Reached XP level 5. HP: 26/33 MP: 5/5
  2983 | D:3      | Reached skill level 1 in Stealth
  3382 | D:4      | Reached XP level 6. HP: 31/38 MP: 6/6
  3436 | D:4      | Killed from afar by an orc priest

Illustrated notes

Levels and vault maps discovered:
D:1:      dpeg_arrival_stone_temple_mockup, layout_rooms,
          hellmonk_ecumenical_altar_blasted
D:2:      layout_loops_corners, serial_shops, nicolae_shop_hallway_stairs,
          basic_altar
D:3:      layout_basic, uniq_robin
D:4:      layout_basic

Skill      XL: |  1  2  3  4  5 |
---------------+----------------+-----
Throwing       | 1 |  1.8
Dodging        | 2 |  2.5
Maces & Flails | 4 |  4.8
Fighting       | 4 |  4.1
Stealth        | 1 |  1.2
Armour         | 3 |  3.2

Action                   |  1- 3 |  4- 6 || total
-------------------------+-------+-------++-------
Melee: Mace              |    75 |   184 ||   259
       Punch             |     2 |     1 ||     3
Invok: Berserk           |       |     3 ||     3
  Use: Scroll            |     1 |     6 ||     7
 Stab: Sleeping          |       |     3 ||     3
Armor: Animal skin       |    15 |    51 ||    66
Dodge: Dodged            |    48 |   121 ||   169
